 Dungeon Crawl Stone Soup version 0.25-a0-576-g50b708a4c4 (webtiles) character file.

Game seed: 10614699031034591624, levelgen mode: deterministic

55419 Flugslaktarn the Carver (level 14, -1/133 HPs)
             Began as a Deep Dwarf Fighter on Mar 1, 2020.
             Was an Initiate of Gozag.
             Slain by a spark wasp (15 damage)
             ... on level 4 of the Spider Nest.
             The game lasted 00:11:02 (11864 turns).

Flugslaktarn the Carver (Deep Dwarf Fighter)       Turns: 11864, Time: 00:11:03

Health: -1/133     AC: 24    Str: 26    XL:     14   Next: 38%
Magic:  1/14       EV:  7    Int:  8    God:    Gozag
Gold:   1265       SH: 14    Dex: 15    Spells: 13/13 levels left

rFire    + . .     SeeInvis .   s - +8 demon blade "Leech" {vamp, *Rage +Rage rN+}
rCold    + . .     Gourm    .   c - +0 kite shield
rNeg     + + .     Faith    .   p - +0 plate armour
rPois    +         Spirit   .   o - +1 helmet
rElec    .         Reflect  .   x - scarf {rC+ rF+}
rCorr    .         Harm     .   B - +2 pair of gloves {Dex+3}
MR       ++...     Rnd*Rage +   C - +0 pair of boots
Stlth    ..........             (no amulet)
HPRegen  0.00/turn              i - ring of attention (curse)
MPRegen  0.14/turn              (no ring)

@: lethally poisoned (-1 -> -1), gold aura, berserk cooldown, very slightly
contaminated, non-regenerating, slowed, very slow
A: damage resistance, heal wounds, negative energy resistance 1, sense
surroundings 2, poison resistance, shaggy fur 1, no regeneration
a: Heal Wounds, Potion Petition, Call Merchant, Bribe Branch, Renounce Religion,
Evoke Berserk Rage


You were on level 4 of the Spider Nest.
You worshipped Gozag.
Gozag was most pleased with you.
You were not hungry.

You visited 4 branches of the dungeon, and saw 21 of its levels.

You collected 3624 gold pieces.
You spent 1160 gold pieces at shops.
You paid 1199 gold pieces to Gozag.

Inventory:

Hand Weapons
 a - a +1 war axe
 s - the +8 demon blade "Leech" (weapon) {vamp, *Rage +Rage rN+}
   (You found it on level 8 of the Dungeon)

   It inflicts no extra harm, but heals its wielder when it wounds a living foe.
   It protects you from negative energy.
   It lets you go berserk.
   It may make you go berserk in combat.
 F - a +0 broad axe of protection
   (You found it on level 6 of the Lair of Beasts)
Armour
 c - a +0 kite shield (worn)
 o - a +1 helmet (worn)
   (You found it on level 6 of the Lair of Beasts)
 p - a +0 plate armour (worn)
   (You found it on level 5 of the Dungeon)
 x - a scarf of resistance (worn)
   (You found it on level 7 of the Dungeon)
 y - a +0 cloak
   (You took it off Crazy Yiuf on level 7 of the Dungeon)
 B - a +2 pair of gloves of dexterity (worn)
   (You bought it in a shop on level 5 of the Dungeon)
 C - a +0 pair of boots (worn)
   (You bought it in a shop on level 5 of the Dungeon)
 E - a +1 pair of gloves
   (You found it on level 2 of the Lair of Beasts)
 G - a +1 helmet
   (You found it on level 5 of the Lair of Beasts)
Jewellery
 i - a cursed ring of attention (left hand)
   (You found it on level 2 of the Lair of Beasts)
Wands
 f - a wand of clouds (3)
   (You found it on level 8 of the Dungeon)
 J - a wand of paralysis (7)
   (You found it on level 2 of the Spider Nest)
Scrolls
 h - 4 scrolls of magic mapping
 j - 4 scrolls of immolation
 l - 13 scrolls of remove curse
 r - 2 scrolls of identify
 t - 7 scrolls of teleportation
 u - a scroll of fog {unknown}
 z - a scroll of blinking
 H - a scroll of fear
Potions
 b - 2 potions of cancellation
 d - 3 potions of might
 g - 2 potions of berserk rage
 k - 2 potions of stabbing
 m - 5 potions of brilliance
 n - 3 potions of resistance
 q - 5 potions of curing
 v - a potion of ambrosia {unknown}
 w - 4 potions of heal wounds
 A - 2 potions of flight
 D - 2 potions of lignification
 I - a potion of invisibility {unknown}
Comestibles
 e - 32 rations


   Skills:
 + Level 10.7 Fighting
 - Level 14.0 Long Blades
 - Level 11.0 Axes
 + Level 12.4 Armour
 + Level 12.5 Shields
 + Level 11.3 Evocations


You had 13 spell levels left.
You didn't know any spells.
Your spell library was empty.

Dungeon Overview and Level Annotations

Branches:
Dungeon (10/15)            Temple (1/1) D:6            Lair (6/6) D:9
 Shoals (0/4) Lair:4       Spider (4/4) Lair:4        Slime (0/5) Lair:5
    Orc: D:9-12

Altars:
Ashenzari
Cheibriados
Dithmenos
Elyvilon
Fedhas
Gozag
Hepliaklqana
Kikubaaqudgha
Makhleb
Nemelex Xobeh
Okawaru
Qazlal
Ru
Sif Muna
Trog
Uskayaw
Vehumet
Wu Jian
Xom
Yredelemnul
Zin
The Shining One

Shops:
D:5 [*   D:7 !   D:8 [   Lair:6 *

Annotations:
Lair:6 1 runed translucent door


Innate Abilities, Weirdness & Mutations

You are resistant to damage.
You can heal yourself by infusing magical energy.
You resist negative energy. (rN+)
You passively map the area around you.
You do not regenerate.
Your system is resistant to poisons. (rPois)
You are covered in fur. (AC +1)


Message History

You kill the wolf spider!
The spark wasp buzzes angrily.
You are too injured to fight recklessly!
Unknown command.
You miss the spark wasp.
The spark wasp is no longer distracted by gold.
The spark wasp is almost dead.
You are engulfed in blazing flames.
You resist.
* * * LOW HITPOINT WARNING * * *
You feel sick.
The orb spider hisses angrily.
The orb spider is no longer distracted by gold.
The wolf spider is engulfed in blazing flames.
Flame seeps out of the wolf spider.
The wolf spider hits you. You block the wolf spider's attack.
The spark wasp is engulfed in blazing flames.
Flame seeps out of the spark wasp.
The spark wasp stings you. The spark wasp shocks you!
You die...
Your body crumbles into a pile of gold.

##.#.....### ### *
,, ,
#####..#######..#
, , ,, ,,
##......$^.# , , *
* #######..## ^,
*, ,* #..#
#...,... , #..#
,##........
#$.####.......# ,
#§§##^...# ..## .*
#§@##...###...#^.
#sys#.(.^#.s.^.^^
#°§§ssy$.y^......
^
#.§§ys{.$.s.^....
#.s$'^sss.s....^.
#$..#.[.^#ss.s.^^,
##^##...###s..#..
* #.##^...# ..##*
#.####.... ..#


You could see 2 emperor scorpions, a spark wasp (inner flame), 2 wolf spiders, 2
orb spiders, a hornet (inner flame), a tarantella and 2 redbacks.

Vanquished Creatures
  Arachne (Spider:3)
  Louise (Spider:4)
  A spark wasp (Spider:4)
  A fire dragon (Lair:6)
  Josephine (Lair:5)
  A hydra (Lair:4)
  2 two-headed ogres
  Nergalle (Lair:3)
  A lindwurm (Lair:6)
  A swamp dragon (Lair:6)
  6 orb spiders
  A cyclops (D:8)
  15 wolf spiders
  11 elephants (Lair:6)
  7 torpor snails
  6 spiny frogs
  5 black mambas
  A gargoyle (D:8)
  7 komodo dragons
  A demonic crawler (Spider:3)
  2 rime drakes
  A queen bee (D:8)
  7 jumping spiders
  9 hornets
  A troll (D:8)
  A slime creature (Lair:5)
  4 tyrant leeches (Lair:6)
  9 blink frogs
  6 hippogriffs
  23 redbacks
  2 wyverns
  5 wraiths
  15 tarantellas
  9 yaks
  4 basilisks
  4 steam dragons (Lair:6)
  A warg (Lair:2)
  9 water moccasins
  2 acid dragons
  4 porcupines
  3 sky beasts
  2 black bears (D:7)
  An ice beast (D:6)
  4 ogres
  3 orc warriors
  A necrophage (D:6)
  17 wolves
  A phantom (D:7)
  8 centaurs
  15 crocodiles
  6 bullfrogs
  A big kobold (D:8)
  5 scorpions
  22 killer bees
  A howler monkey (D:4)
  2 electric eels
  4 crimson imps
  4 jellies
  5 orc wizards
  2 bullfrog skeletons
  2 orc priests
  2 centaur skeletons
  6 hounds
  Crazy Yiuf (D:7)
  2 bullfrog zombies
  3 iron imps (D:9)
  5 iguanas
  6 worker ants
  A killer bee zombie (D:8)
  A hound zombie (D:6)
  2 hound skeletons
  A howler monkey zombie (D:8)
  A worker ant zombie (D:8)
  2 adders
  4 gnolls (D:4)
  A shadow imp (D:9)
  An adder zombie (D:6)
  3 adder skeletons
  2 leopard geckos (D:4)
  23 orcs
  A ball python (D:4)
  A giant cockroach (D:5)
  A goblin (D:3)
  A hobgoblin (D:1)
  9 jackals
  3 kobolds
  4 quokkas
  2 bats
  3 frilled lizards
  A jackal skeleton (D:5)
  A quokka skeleton (D:5)
  2 rats (D:1)
394 creatures vanquished.

Vanquished Creatures (others)
  A bush (Lair:4)
  12 fungi
  36 plants
49 creatures vanquished.

Grand Total: 443 creatures vanquished

Notes
Turn   | Place    | Note
-------+----------+-------------------------------------------
     0 | D:1      | Flugslaktarn the Deep Dwarf Fighter began the quest for the
                  | Orb.
     0 | D:1      | Reached XP level 1. HP: 20/20 MP: 1/1
   262 | D:1      | Reached XP level 2. HP: 20/27 MP: 2/2
   421 | D:4      | Reached XP level 3. HP: 34/34 MP: 3/3
   619 | D:4      | Noticed an ogre
   621 | D:4      | Reached XP level 4. HP: 39/42 MP: 4/4
   629 | D:4      | Killed an ogre
   629 | D:4      | Reached XP level 5. HP: 45/49 MP: 4/4
   668 | D:4      | Noticed an ogre
   701 | D:4      | Reached XP level 6. HP: 40/56 MP: 5/5
   711 | D:4      | Reached skill level 5 in Axes
   986 | D:4      | Reached XP level 7. HP: 49/64 MP: 6/6
  1409 | D:5      | Entered Level 5 of the Dungeon
  1527 | D:5      | Reached skill level 5 in Armour
  1527 | D:5      | Reached skill level 5 in Shields
  1560 | D:5      | Found Wikaw's Elemental Accessories.
  1859 | D:5      | Found Noposkin's Armour Shoppe.
  1902 | D:5      | Found an ancient bone altar of Kikubaaqudgha.
  1902 | D:5      | Found a hide-covered altar of Uskayaw.
  2155 | D:6      | Noticed a hippogriff
  2167 | D:6      | Killed a hippogriff
  2167 | D:6      | Reached XP level 8. HP: 53/73 MP: 6/6
  2269 | D:6      | Found a staircase to the Ecumenical Temple.
  2463 | Temple   | Entered the Ecumenical Temple
  2855 | D:6      | Reached skill level 5 in Fighting
  2965 | D:6      | Found a sacrificial altar of Ru.
  3084 | D:7      | Noticed a hippogriff
  3094 | D:7      | Killed a hippogriff
  3127 | D:7      | Gained mutation: You passively map the area around you.
                  | [Deep Dwarf growth]
  3127 | D:7      | Reached XP level 9. HP: 58/81 MP: 7/7
  3181 | D:7      | Found a glowing silver altar of Zin.
  3181 | D:7      | Found an opulent altar of Gozag.
  3244 | D:7      | Found a bloodstained altar of Trog.
  3517 | D:7      | Found Plog's Distillery.
  3520 | D:7      | Bought 3 potions of resistance for 330 gold pieces
  3536 | D:7      | Found a runed translucent door.
  3537 | D:7      | Noticed Crazy Yiuf
  3544 | D:7      | Killed Crazy Yiuf
  3623 | D:8      | Noticed a queen bee
  3640 | D:8      | Killed a queen bee
  3799 | D:8      | Found a radiant altar of Vehumet.
  3913 | D:8      | Reached skill level 10 in Axes
  4090 | D:8      | Reached XP level 10. HP: 65/92 MP: 6/6
  4151 | D:8      | Noticed a two-headed ogre
  4174 | D:8      | Killed a two-headed ogre
  4198 | D:8      | Noticed a cyclops
  4198 | D:8      | Noticed a gargoyle
  4203 | D:8      | Found the +8 demon blade "Leech" {vamp, *Rage +Rage rN+}
  4208 | D:8      | Killed a gargoyle
  4216 | D:8      | Killed a cyclops
  4416 | D:8      | Found Gyshruel's Armour Boutique.
  4476 | D:8      | Found a blossoming altar of Fedhas.
  4524 | D:8      | Reached skill level 1 in Long Blades
  4526 | D:8      | Found a glowing golden altar of the Shining One.
  4724 | D:7      | Became a worshipper of Gozag Ym Sagoz the Greedy
  4795 | D:9      | Reached skill level 2 in Long Blades
  4823 | D:9      | Found a burning altar of Makhleb.
  5157 | D:9      | Reached skill level 1 in Evocations
  5170 | D:9      | Reached skill level 3 in Long Blades
  5199 | D:9      | Found a staircase to the Lair.
  5208 | D:9      | Reached skill level 4 in Long Blades
  5341 | D:9      | Found an iron altar of Okawaru.
  5341 | D:9      | Found a white marble altar of Elyvilon.
  5342 | D:9      | Found a hazy altar of Hepliaklqana.
  5419 | D:9      | Reached XP level 11. HP: 100/100 MP: 4/6
  5465 | D:9      | Found a basalt altar of Yredelemnul.
  5477 | D:9      | Gained mutation: Your system is resistant to poisons.
                  | (rPois) [potion of mutation]
  5477 | D:9      | Gained mutation: You are covered in fur. (AC +1) [potion of
                  | mutation]
  5499 | D:10     | Entered Level 10 of the Dungeon
  5517 | D:10     | Reached skill level 5 in Long Blades
  5656 | D:10     | Noticed a two-headed ogre
  5669 | D:10     | Killed a two-headed ogre
  5742 | D:10     | Reached skill level 6 in Long Blades
  5877 | D:5      | Bought a +1 pair of gloves of dexterity for 181 gold pieces
  5882 | D:5      | Bought a +0 pair of boots for 49 gold pieces
  5975 | Lair:1   | Entered Level 1 of the Lair of Beasts
  6098 | Lair:1   | You fall into a shaft and drop 1 floor!
  6238 | Lair:2   | Reached skill level 7 in Long Blades
  7109 | Lair:3   | Reached skill level 8 in Long Blades
  7121 | Lair:3   | Reached skill level 5 in Evocations
  7510 | Lair:3   | Noticed Nergalle
  7522 | Lair:3   | Killed Nergalle
  7522 | Lair:3   | Reached skill level 9 in Long Blades
  8139 | Lair:4   | Reached skill level 10 in Shields
  8157 | Lair:4   | Noticed an eight-headed hydra
  8189 | Lair:4   | Killed a 19-headed hydra
  8189 | Lair:4   | Reached skill level 10 in Armour
  8189 | Lair:4   | Reached XP level 12. HP: 54/112 MP: 8/8
  8198 | Lair:4   | Reached skill level 10 in Long Blades
  8316 | Lair:4   | Found a staircase to the Shoals.
  8440 | Lair:4   | Found a hole to the Spider Nest.
  8698 | Lair:5   | Found a basalt altar of Yredelemnul.
  8703 | Lair:5   | Noticed Josephine
  8713 | Lair:5   | Killed Josephine
  8713 | Lair:5   | Reached skill level 11 in Long Blades
  8770 | Lair:5   | Found a staircase to the Slime Pits.
  9404 | Lair:6   | Entered Level 6 of the Lair of Beasts
  9424 | Lair:6   | Reached skill level 12 in Long Blades
  9790 | Lair:6   | Found a runed translucent door.
  9791 | Lair:6   | Noticed a fire dragon
  9851 | Lair:6   | Reached XP level 13. HP: 121/121 MP: 11/11
  9900 | Lair:6   | Reached skill level 13 in Long Blades
 10681 | Lair:6   | Noticed a fire dragon
 10706 | Lair:6   | Killed a fire dragon
 10762 | Lair:6   | Bought a ration for 60 gold pieces
 10762 | Lair:6   | Bought a ration for 60 gold pieces
 10762 | Lair:6   | Bought a ration for 60 gold pieces
 10762 | Lair:6   | Bought a ration for 60 gold pieces
 10762 | Lair:6   | Bought a ration for 60 gold pieces
 10762 | Lair:6   | Bought a ration for 60 gold pieces
 10762 | Lair:6   | Bought a ration for 60 gold pieces
 10762 | Lair:6   | Bought a ration for 60 gold pieces
 10762 | Lair:6   | Bought a ration for 60 gold pieces
 10762 | Lair:6   | Bought a ration for 60 gold pieces
 10864 | Spider:1 | Entered Level 1 of the Spider Nest
 11094 | Spider:1 | Reached skill level 14 in Long Blades
 11134 | Spider:2 | Reached skill level 10 in Fighting
 11191 | Spider:2 | Reached skill level 10 in Evocations
 11295 | Spider:3 | Noticed Arachne
 11341 | Spider:3 | Killed Arachne
 11355 | Spider:3 | Gained mutation: You resist negative energy. (rN+) [Deep
                  | Dwarf growth]
 11355 | Spider:3 | Reached XP level 14. HP: 128/132 MP: 13/13
 11444 | Spider:4 | Entered Level 4 of the Spider Nest
 11493 | Spider:4 | Noticed Louise
 11518 | Spider:4 | Killed Louise
 11803 | Spider:4 | Noticed an emperor scorpion
 11811 | Spider:4 | Noticed an emperor scorpion
 11857 | Spider:4 | HP: 6/133 [spark wasp (8)]
 11864 | Spider:4 | Slain by a spark wasp

Levels and vault maps discovered:
D:1:      psy_arrival_terrarium, layout_loops_cross, minmay_tiny_reverse_x
D:2:      layout_loops_corners, uniq_robin
D:3:      layout_basic, minmay_unequal
D:4:      layout_basic
D:5:      layout_loops_cross, gammafunk_temple_overflow_wave, serial_shops,
          shop, first_ration, nicolae_elemental_shop
D:6:      minmay_inner_zag, layout_rooms, nicolae_ru_the_path_less_chosen,
          minmay_temple_entry_grid
D:7:      layout_cave_pools, grunt_temple_overflow_gold_and_silver,
          trog_ov_bears_minmay, serial_shops, kennysheep_mini_moat,
          uniq_crazy_yiuf_cottage
D:8:      layout_loops_cross, lemuel_doored_altar, fedhas_altar_fruit_tree,
          nicolae_tso_swordbearing_angel, serial_shops, kennysheep_mini,
          david_nohive_1, minmay_the_grid_2x2 [minmay_the_grid_empty,
          minmay_the_grid_dragon_b, minmay_the_grid_minigrid_large,
          minmay_the_grid_prize_shrinking_boxes]
D:9:      layout_roguey, demons_altar, gammafunk_temple_overflow_claw,
          minmay_lair_entry_grove, basic_altar
D:10:     layout_roguey, minivault_16, lightli_fourway_metalbox
Temple:   compressed_dpeg_triangle_lava_temple
Lair:1:   layout_cave_pods
Lair:2:   beast_lair_carwin_large_3, layout_hall_layers
Lair:3:   layout_cave_pods, minivault_27, uniq_nergalle
Lair:4:   layout_loops_ring, minmay_shoals_entry_centaurs,
          spider_nest_entry_funnel_web, infiniplex_staircase_pool
Lair:5:   layout_roguey, minmay_slime_entry_pillars, basic_altar, uniq_josephine
Lair:6:   wormcave, layout_layer_cave, guppyfry_lair_end_dragon
Spider:1: layout_spider_delve, ebering_ghost_xom, zaba_anthell, uniq_roxanne
Spider:2: layout_spider_delve
Spider:3: layout_spider_delve, uniq_arachne
Spider:4: johnstein_spider_rune_arachne_lair, drop_trap, uniq_louise

Skill      XL: |  1  2  3  4  5  6  7  8  9 10 11 12 13 14 |
---------------+-------------------------------------------+-----
Fighting       | 3 4 5 6 7 8 9 10 | 10.7
Axes           | 3 4 5 6 8 10 11 | 11.0
Armour         | 4 5 6 7 9 10 11 12 | 12.4
Shields        | 4 5 6 7 9 10 11 12 | 12.5
Long Blades    | 4 9 12 14 | 14.0
Evocations     | 2 6 8 10 11 | 11.3

Action                   |  1- 3 |  4- 6 |  7- 9 | 10-12 | 13-15 || total
-------------------------+-------+-------+-------+-------+-------++-------
Melee: War axe           |    76 |    85 |   377 |    61 |       ||   599
       Demon blade       |       |       |       |   636 |   506 ||  1142
Invok: Call Merchant     |       |       |       |       |     2 ||     2
       Potion Petition   |       |       |       |       |     1 ||     1
 Abil: Heal Wounds       |     1 |     6 |    16 |    14 |     2 ||    39
Evoke: Wand              |       |       |       |     1 |       ||     1
  Use: Scroll            |       |       |    13 |     6 |     4 ||    23
       Potion            |       |       |     1 |     3 |     3 ||     7
 Stab: Distracted        |       |       |       |     4 |     5 ||     9
       Sleeping          |       |       |       |       |    13 ||    13
       Invisible         |       |       |       |       |     4 ||     4
  Eat: Chunk             |       |     1 |     7 |     2 |       ||    10
       Ration            |       |       |     1 |     5 |     3 ||     9
Armor: Scale mail        |    42 |    37 |    25 |       |       ||   104
       Plate armour      |       |       |   209 |   392 |   345 ||   946
       Skin              |       |       |   112 |       |       ||   112
Dodge: Dodged            |    23 |    23 |   113 |   178 |   157 ||   494
Block: Kite shield       |    37 |    51 |   294 |   478 |   353 ||  1213
       Rpst.: Demon blade |       |       |       |    43 |    35 ||    78

Table legend:
 A = Non-vault XP
 B = Vault XP
 C = Vault XP percentage of total XP
 D = Non-vault monster count
 E = Vault monster count
 F = Vault count percentage of total count
                 A         B        C        D         E       F
            +---------+---------+-------+---------+---------+-------
      Total |   44631 |   34540 |  43.6 |     266 |     128 |  32.5
            +---------+---------+-------+---------+---------+-------
        D:1 |      12 |       0 |   0.0 |       8 |       0 |   0.0
        D:2 |       5 |       0 |   0.0 |       3 |       0 |   0.0
        D:3 |       6 |       0 |   0.0 |       3 |       0 |   0.0
        D:4 |     723 |       0 |   0.0 |      29 |       0 |   0.0
        D:5 |     524 |       0 |   0.0 |      16 |       0 |   0.0
        D:6 |     510 |     466 |  47.7 |       7 |       4 |  36.4
        D:7 |     875 |     297 |  25.3 |      14 |       3 |  17.6
        D:8 |    1168 |    4032 |  77.5 |      21 |      27 |  56.2
        D:9 |     721 |    1685 |  70.0 |      13 |      16 |  55.2
       D:10 |    1875 |       0 |   0.0 |      17 |       0 |   0.0
     Lair:1 |     260 |       0 |   0.0 |       2 |       0 |   0.0
     Lair:2 |    2265 |    1051 |  31.7 |      11 |      11 |  50.0
     Lair:3 |    3037 |     792 |  20.7 |      12 |       1 |   7.7
     Lair:4 |    5054 |     958 |  15.9 |      19 |       5 |  20.8
     Lair:5 |    2559 |    2270 |  47.0 |      14 |       9 |  39.1
     Lair:6 |    7958 |   10973 |  58.0 |      23 |      35 |  60.3
   Spider:1 |    5453 |       0 |   0.0 |      20 |       0 |   0.0
   Spider:2 |    3899 |       0 |   0.0 |      10 |       0 |   0.0
   Spider:3 |    2868 |    3339 |  53.8 |      11 |       1 |   8.3
   Spider:4 |    4859 |    8677 |  64.1 |      13 |      16 |  55.2
            +---------+---------+-------+---------+---------+-------
